 Dungeon Crawl Stone Soup version 0.32-a0-666-ge8a88695a4 (webtiles) character file.

Game seed: 9013807827023962222

17 Aldia the Sneak (level 2, 0/15 HPs)
             Began as a Vampire Enchanter on Mar 9, 2024.
             Slain by a giant cockroach (1 damage)
             ... on level 1 of the Dungeon.
             The game lasted 00:01:01 (284 turns).

Aldia the Sneak (Vampire Enchanter)                  Turns: 284, Time: 00:01:02

Health: 0/15       AC:  2    Str: 13    XL:     2   Next: 44%
Magic:  1/5        EV: 12    Int: 17    God:
Gold:   41         SH:  0    Dex: 14    Spells: 3/5 levels left

rFire   . . .        a - +1 dagger
rCold   + + .        (no shield)
rNeg    + + +        b - +0 robe
rPois   ∞            (no helmet)
rElec   .            (no cloak)
rCorr   .            (no gloves)
SInv    +            (no boots)
Will    .....        (no amulet)
Stlth   +++++        f - +6 ring of strength
HPRegen 0.00/turn    (no ring)
MPRegen 0.09/turn

%: no passive effects
@: bloodless, inhibited regen
A: bloodless, fangs 3, see invisible, vampiric 1
a: Revivify


You were on level 1 of the Dungeon.
You visited 1 branch of the dungeon, and saw 1 of its levels.

You collected 41 gold pieces.

Inventory:

Hand Weapons
 a - a +1 dagger (weapon)
Armour
 b - a +0 robe (worn)
Jewellery
 f - a +6 ring of strength (left hand)
Scrolls
 e - 2 scrolls of identify {unknown}
Potions
 c - 2 potions of invisibility
 d - 2 potions of resistance {unknown}
 g - a potion of attraction {unknown}


   Skills:
 * Level 1.9 Short Blades
 - Level 2.1 Dodging
 * Level 5.1 Stealth
 - Level 2.0 Spellcasting
 - Level 4.6 Hexes
 + Level 0.2 Ice Magic


You had 3 spell levels left.
You knew the following spells:

 Your Spells              Type           Power      Damage    Failure   Level
a - Ensorcelled Hibernat  Hex/Ice        18%        N/A       11%         2

Your spell library contained the following spells:

 Spells                   Type           Power      Damage    Failure   Level
 Confusing Touch          Hex            17%        N/A       9%          3
 Tukima's Dance           Hex            17%        N/A       9%          3
 Dazzling Flash           Conj/Hex       18%        N/A       22%         3


Dungeon Overview and Level Annotations

Branches:
Dungeon (1/15)

Altars:

Annotations:
D:1 1 runed translucent door


Innate Abilities, Weirdness & Mutations

You do not regenerate when monsters are visible.
You are frail without blood (-20% HP).
You can heal yourself when you bite living creatures.
You are immune to poison.
You have razor-sharp teeth.
You have supernaturally acute eyesight. (SInv)
You are afflicted with vampirism.


Message History

Confirm with . or Enter, or press ? or * to list all spells.
Aiming: Ensorcelled Hibernation (safe; 11% risk of failure)
Press: ? - help, Shift-Dir - straight line, f/p - goblin
Aim: a goblin, wielding a +0 dagger (chance to affect: 61%)
The goblin resists with significant effort.
The goblin hits you but does no damage. The goblin barely misses you.
The frilled lizard barely misses you.
Unknown command.
Casting: Ensorcelled Hibernation (safe; 11% risk of failure)
Confirm with . or Enter, or press ? or * to list all spells.
You don't have enough magic to cast this spell.
Unknown command.
Unknown command.
You barely miss the goblin. The goblin hits you with a +0 dagger.
The goblin misses you. The frilled lizard barely misses you.
You hit the goblin.
The goblin is moderately wounded.
The goblin hits you with a +0 dagger. x2
You closely miss the goblin.
The goblin is moderately wounded.
The frilled lizard bites you. The goblin barely misses you.
You hit the goblin.
You kill the goblin!
The frilled lizard closely misses you. The goblin barely misses you.
You hit the frilled lizard.
The frilled lizard is heavily wounded.
The frilled lizard bites you.
* * * LOW HITPOINT WARNING * * *
The goblin misses you.
You hit the giant cockroach but do no damage.
The frilled lizard barely misses you. The giant cockroach closely misses you.
The goblin hits you with a +0 dagger.
* * * LOW HITPOINT WARNING * * *
You hit the giant cockroach but do no damage.
The frilled lizard bites you but does no damage.
The giant cockroach barely misses you. The goblin hits you with a +0 dagger.
* * * LOW HITPOINT WARNING * * *
You hit the giant cockroach but do no damage.
The giant cockroach bites you.
You die...

...........##.........#.
........................
........................
..####..................
........................
......#.................
..###$#B................
# # #lg...............
#@B#.......#.....#
#..#####...####### #..#
#...# #..# #...# #..#
#...# #..# #...# #..#
#...# #..# #...# #..#
#####


You could see 2 giant cockroaches, a goblin and a frilled lizard.

Vanquished Creatures
  4 ball pythons (D:1)
  A bat (D:1)
  An endoplasm (D:1)
  A giant cockroach (D:1)
  3 goblins (D:1)
  2 hobgoblins (D:1)
  2 kobolds (D:1)
  A rat (D:1)
15 creatures vanquished.

Notes
Turn   | Place    | Note
-------+----------+-------------------------------------------
     0 | D:1      | Aldia the Vampire Enchanter began the quest for the Orb.
     0 | D:1      | Reached XP level 1. HP: 13/13 MP: 3/3
     1 | D:1      | Found a runed translucent door.
     7 | D:1      | Noticed a jelly
   118 | D:1      | Reached XP level 2. HP: 13/15 MP: 5/5
   121 | D:1      | Learned a level 2 spell: Ensorcelled Hibernation
   181 | D:1      | Reached skill level 5 in Stealth
   284 | D:1      | Slain by a giant cockroach

Illustrated notes

Levels and vault maps discovered:
D:1:      dpeg_arrival_caged_fury, layout_basic

Skill      XL: |  1  2 |
---------------+-------+-----
Stealth        | 5 |  5.1
Short Blades   | |  1.9
Dodging        | |  2.1
Spellcasting   | |  2.0
Hexes          | |  4.6
Ice Magic      | |  0.2

Action                     || total
---------------------------++-------
  Melee: Dagger            ||    38
         Bite              ||     2
   Cast: Ensorcelled Hiber ||     2
Ability: Exsanguinate      ||     1
   Stab: Sleeping          ||     2
 Armour: Robe              ||    25
  Dodge: Dodged            ||    33

Table legend: (Time is in decaauts)
 A = Elapsed time spent in this place.
 B = Non-inter-level travel time spent in this place.
 C = Inter-level travel time spent in this place.
 D = Time resting spent in this place.
 E = Time spent auto-exploring this place.
 F = Levels seen in this place.
 G = Mean time per level.
                   A        B        C        D        E       F      G
               +--------+--------+--------+--------+--------+-----+--------+
         Total |    280 |    280 |      0 |      0 |    162 |   1 |  280.0 |
       Dungeon |    280 |    280 |      0 |      0 |    162 |   1 |  280.0 |
               +--------+--------+--------+--------+--------+-----+--------+

Top non-repeatable levels by time:
     D:1: 280 daAuts
